Pip, lawful female human Valkyrie --- ----------.-- ---- |.........<.| |...- |..-------..| ..... ---- |.-- -... |.|------- ----..| |.|..--..| |...%- |.|.....@-------------....----- .......---- | |.|......G.................(............................| |........-------...-.------------- ..---- ---.:...-- --...`. --.....- --..*.- --.....| --..... --.|..- ........ ----.. --......... ... ........... ..| ..|.--....... --- -.---- --.|.|..- -- ------- Pip the Skirmisher Experience level: 3 Strength: 18/01 Dexterity: 13 Constitution: 16 Intelligence: 8 Wisdom: 11 Charisma: 9 Health: 0(30) Energy: 11(11) Def: 4 Gold: 229 Moves: 829 Dungeon seed: gqbrOgM7gGRcDFAv Game ID: Pip_1512590883 Your Inventory: Coins $ - 229 gold pieces Weapons a - an uncursed +1 long sword (weapon in hand) b - an uncursed +0 dagger n - an uncursed +0 orcish dagger (in quiver) Armor e - an uncursed +3 small shield (being worn) Comestibles c - 3 uncursed food rations f - an uncursed lichen corpse h - 2 uncursed lembas wafers Scrolls l - an uncursed scroll of food detection Potions g - an uncursed potion of object detection i - an uncursed potion of healing m - a blessed potion of paralysis Rings j - an uncursed ring of fire immunity (on left hand) Tools d - an uncursed oil lamp (0:1314) o - an uncursed skeleton key Spells and supernatural/magical abilities: Spells marked with '*' are forgotten. Spells marked with '!' are maintained. Spells marked with '#' are aliased with 'castalias'. Name Level Category Fail Memory W - pray for help -- divine ? -- Your skills at the end: Fighting Skills wands [Basic] Weapon Skills dagger [Basic] long sword [Basic] Spellcasting Skills Final Attributes: You were immune to fire. You were immune to cold. You were stealthy. You are dead. Vanquished creatures: a bugbear 2 gnome lords a little dog 4 gnomes a jackal a goblin 3 grid bugs 3 lichens 2 newts 18 creatures vanquished. Voluntary challenges: You were vegetarian. You were an atheist. You used a wielded weapon 21 times, starting on turn 47. You were illiterate. You never genocided any monsters. You never polymorphed an object. You never changed form. You used no wishes. You never split a pudding. You never wrote Elbereth's name. You never violated your personal moral code. Dungeon overview: The Dungeons of Doom: levels 1 to 3 Level 1 a vault a long staircase Level 2 some fountains Level 3 a general store, a fountain, a vault stairs to The Gnomish Mines The Gnomish Mines: Level 4 <- You were here stairs to The Dungeons of Doom History has recorded: On T:1 you entered the Dungeons of Doom to retrieve the Amulet of Yendor! On T:292 you reached level 2 of The Dungeons of Doom. On T:469 you reached level 3 of The Dungeons of Doom. On T:642 you advanced to experience level 2. On T:704 you reached level 1 of The Gnomish Mines. On T:782 you advanced to experience level 3. Score breakdown: Gold: 229 ( 8033 points) Experience: 3 levels ( 7878 points) Exploration: 4 levels ( 8.16%) ( 7500 points) Discoveries: 2 items ( 0.80%) ( 2688 points) Valuables value: (no points given unless you survive) Artifact value: 0 ( 0 points) Variety of kills: 9 monsters ( 2.37%) ( 4616 points) Turncount: 829 turns ( 0 points) Survival: died (score multiplied by 80%) Total score: 24572 Latest messages: The gnome wields an aklys! You kill the gnome! There are a few objects here. The gnome queen picks up a few weapons from the floor. You miss the gnome queen. The gnome queen hurls a puce potion! The flagon crashes on your head and breaks into shards. Something seems to be holding you. The gnome queen wields an aklys! The gnome queen swings her aklys at you. The gnome queen hits! The gnome queen swings her aklys at you. The gnome queen hits! You can move again. You hit the gnome queen! The gnome queen swings her aklys at you. The gnome queen hits! You hit the gnome queen! The gnome queen swings her aklys at you. The gnome queen hits! You die... For some reason, you think that you can almost hear the Wizard laugh manically... Final status: Farvel Pip the Valkyrie, killed by a gnome queen... You died in The Gnomish Mines on dungeon level 4 with 24572 points, and 229 pieces of gold, after 829 moves. You were level 3 with a maximum of 30 hit points when you died.